 Dungeon Crawl Stone Soup version 0.17.1-3-g152610e (webtiles) character file.

28 Gargoyl the Skirmisher (level 3, -3/29 HPs)
             Began as a Demonspawn Abyssal Knight on Mar 14, 2016.
             Was a Follower of Lugonu.
             Slain by a worm (9 damage)
             ... on level 2 of the Dungeon.
             The game lasted 00:02:26 (1424 turns).

Gargoyl the Skirmisher (Demonspawn Abyssal Knight)  Turns: 1424, Time: 00:02:26

Health: -3/29      AC:  5    Str: 13    XL:     3   Next: 0%
Magic:  5/5        EV:  7    Int: 13    God:    Lugonu [*.....]
Gold:   65         SH: 10    Dex: 12    Spells: 0 memorised, 2 levels left

rFire  . . .     SeeInvis .     a - +1 hand axe
rCold  . . .     Clarity  .     d - +0 ring mail (curse)
rNeg   . . .     SustAt   .     b - +0 large shield
rPois  .         Gourm    .     (no helmet)
rElec  .         Spirit   .     (no cloak)
rCorr  .         Warding  .     (no gloves)
rMut   .         Stasis   .     (no boots)
MR     .....                    (no amulet)
Stlth  ..........               (no ring)
                                (no ring)

@: not resistant to hostile enchantments, extremely unstealthy
A: hooves 1, repulsion field 1
a: Depart the Abyss, Renounce Religion


You were on level 2 of the Dungeon.
You worshipped Lugonu.
Lugonu was aware of your devotion.
You were hungry.

You visited 1 branch of the dungeon, and saw 2 of its levels.
You visited the Abyss 1 time.

You collected 65 gold pieces.

Inventory:

Hand Weapons
 a - a +1 hand axe (weapon)
Armour
 b - a +0 large shield (worn)
 d - a cursed +0 ring mail (worn)
Scrolls
 e - a scroll of fog {unknown}
 h - a scroll of recharging {unknown}
 i - 2 scrolls of remove curse {unknown}
 j - 3 scrolls of identify {unknown}
Potions
 g - a potion of might {unknown}
Comestibles
 c - 2 bread rations
 f - 2 beef jerkies


   Skills:
 + Level 3.4 Fighting
 + Level 1.9 Axes
 + Level 2.1 Armour
 + Level 1.1 Dodging
 + Level 0.1 Shields
 + Level 3.0 Invocations


You had 2 spell levels left.
You didn't know any spells.

Dungeon Overview and Level Annotations

Branches:
Dungeon (2/15)

Altars:
Yredelemnul


Innate Abilities, Weirdness & Mutations

You have large cloven feet.
You are surrounded by a mild repulsion field (EV +2).


Message History

The worm is lightly wounded.
The worm completely misses you.
You hit the worm. You kick the worm, but do no damage.
The worm is moderately wounded.
You hit the worm.
The worm is heavily wounded.
You block the worm's attack.
You hit the worm but do no damage. You kick the worm, but do no damage.
The worm is heavily wounded.
The worm bites you!
* * * LOW HITPOINT WARNING * * *
You hit the worm. You kick the worm, but do no damage.
The worm is heavily wounded.
You block the worm's attack.
You hit the worm but do no damage.
The worm is heavily wounded.
You hit the worm.
The worm is heavily wounded.
The worm bites you!
You die...

############
#..........#
#######.########.#
........## #.########
####.....# #.........
##
#.##..#######.#######.
.###.#...........#
..........#####..#
.####.†...# #.@# ##
#......# #.w# #
#.#...## #..# #.###.#
#..# #.# #.# #..#
####.###.#### #..#
............# #...
.###.###.##.# .#..
##...##.# #


You could see a worm.

Vanquished Creatures
  An ooze (D:1)
  A giant gecko (D:1)
  2 giant cockroaches (D:2)
  6 goblins (D:1)
  3 hobgoblins (D:1)
  4 kobolds
  A bat (D:1)
  2 giant newts (D:2)
  A rat (D:1)
21 creatures vanquished.

Notes
Turn   | Place    | Note
--------------------------------------------------------------
     0 | Abyss:1  | Gargoyl the Demonspawn Abyssal Knight began the quest for the Orb.
     0 | Abyss:1  | Reached XP level 1. HP: 18/18 MP: 2/2
    47 | Abyss:1  | Found a corrupted altar of Lugonu.
   105 | Abyss:1  | Noticed a titan skeleton
   124 | Abyss:1  | Noticed a large abomination
   128 | Abyss:1  | Noticed a ynoxinul
   130 | D:1      | Escaped the Abyss
   332 | D:1      | Gained mutation: You are surrounded by a mild repulsion field (EV +2). [demonic ancestry]
   332 | D:1      | Reached XP level 2. HP: 21/24 MP: 3/3
   518 | D:1      | Reached * piety under Lugonu
   608 | D:1      | Reached skill level 1 in Dodging
  1291 | D:2      | Found a basalt altar of Yredelemnul.
  1308 | D:2      | Gained mutation: You have large cloven feet. [demonic ancestry]
  1308 | D:2      | Reached XP level 3. HP: 26/29 MP: 5/5
  1424 | D:2      | Slain by a worm

Action                   || total
-------------------------++-------
Melee: Hand axe          ||    88
Invok: Depart the Abyss  ||     1
  Eat: Chunk             ||     1
